 Dungeon Crawl Stone Soup version 0.30.0 (webtiles) character file.

Game seed: 9153864985474146518

157405 Lobster4 the Fighter (level 17, -23/148 HPs)
             Began as a Yellow Draconian Conjurer on May 6, 2023.
             Was the Champion of Vehumet.
             Annihilated by a naga
             ... wielding a +2 short sword of protection
              (26 damage)
             ... on level 4 of the Snake Pit.
             The game lasted 02:16:53 (38553 turns).

Lobster4 the Fighter (Yellow Draconian Conjurer)   Turns: 38553, Time: 02:16:54

Health: -23/148    AC: 15    Str: 17    XL:     17   Next: 12%
Magic:  18/31      EV: 20    Int: 23    God:    Vehumet [******]
Gold:   936        SH:  6    Dex: 11    Spells: 4/37 levels left

rFire   + + .        a - +5 war axe "Qireuj" {drain, rF+}
rCold   . . .        V - +0 buckler
rNeg    . . .        (body armour unavailable)
rPois   +            (helmet restricted)
rElec   .            p - +2 cloak
rCorr   +            (no gloves)
SInv    .            P - +2 pair of boots
Will    +....        u - amulet of magic regeneration
Stlth   ++           W - ring of poison resistance
HPRegen 0.44/turn    m - ring "Sucush" {rF+ EV+5 Str+5}
MPRegen 0.62/turn

%: no passive effects
@: invisible (expiring)
A: spit acid, AC +9, unfitting armour, acidic bite, cold-blooded, acid
resistance
a: Breathe Acid, Renounce Religion


You were on level 4 of the Snake Pit.
You worshipped Vehumet.
Vehumet was exalted by your worship.
You visited 4 branches of the dungeon, and saw 26 of its levels.
You also visited: Bailey.

You collected 2664 gold pieces.
You spent 1728 gold pieces at shops.

Inventory:

Hand Weapons
 a - the +5 war axe "Qireuj" (weapon) {drain, rF+}
   (You acquired it on level 2 of the Orcish Mines)

   rF:        It protects you from fire.
 b - a +0 sling
 K - a +4 short sword
 L - a +1 dagger of venom
 Y - a +3 dagger of electrocution
Missiles
 o - 3 boomerangs of dispersal
 y - a throwing net
 G - 6 javelins (quivered)
Armour
 j - a +2 kite shield of protection
 p - a +2 cloak (worn)
 P - a +2 pair of boots (worn)
 V - a +0 buckler (worn)
Magical Staves
 n - the staff of cold "Xeipyig" {rC+ rN+ Int+3}
   (You found it on level 12 of the Dungeon)

   [staff of cold]

   Base accuracy: +5 Base damage: 5 Base attack delay: 1.2 This weapon's minimum
   attack delay (0.6) is reached at skill level 12.
   Int:       It affects your intelligence (+3).
   rC:        It protects you from cold.
   rN:        It protects you from negative energy.
   It falls into the 'Staves' category.
   It is a one-handed weapon.
 w - a staff of air
 O - a staff of cold
Jewellery
 d - a ring of see invisible
 f - the ring "Zoigid" {rF+ rC+ rCorr Int+6}
   (You found it on level 2 of the Snake Pit)

   [ring of intelligence]

   Int:       It affects your intelligence (+6).
   rF:        It protects you from fire.
   rC:        It protects you from cold.
   rCorr:     It protects you from acid and corrosion.
 m - the ring "Sucush" (right hand) {rF+ EV+5 Str+5}
   (You bought it in a shop on level 2 of the Orcish Mines)

   [ring of evasion]

   EV:        It affects your evasion (+5).
   Str:       It affects your strength (+5).
   rF:        It protects you from fire.
 r - a ring of protection from cold
 u - an amulet of magic regeneration (around neck)
 x - a ring of wizardry
 W - a ring of poison resistance (left hand)
Wands
 g - a wand of charming (8)
 q - a wand of flame (58)
 B - a wand of mindburst (15)
 C - a wand of roots (3)
 Q - a wand of acid (7)
Scrolls
 e - 3 scrolls of enchant weapon
 k - 3 scrolls of magic mapping
 l - 6 scrolls of blinking
 s - 2 scrolls of fear
 v - 3 scrolls of poison
 z - a scroll of silence
 D - 5 scrolls of identify
 E - 3 scrolls of enchant armour
 N - 12 scrolls of teleportation
 T - 2 scrolls of fog
Potions
 c - 2 potions of magic
 h - 2 potions of berserk rage
 i - 8 potions of curing
 t - 4 potions of lignification
 A - 5 potions of cancellation
 F - 3 potions of ambrosia
 H - 7 potions of might
 I - 4 potions of resistance
 M - 3 potions of heal wounds
 R - 2 potions of haste
 S - 2 potions of mutation
 X - 6 potions of flight
Miscellaneous
 J - a phantom mirror
 Z - a lightning rod (4/4)


   Skills:
 + Level 12.5 Fighting
 - Level 2.0 Short Blades
 + Level 8.6(8.8) Axes
 - Level 2.0(6.1) Polearms
 - Level 2.6(3.0) Staves
 - Level 3.0 Throwing
 + Level 10.8 Dodging
 - Level 2.0 Stealth
 + Level 9.1 Shields
 + Level 10.9 Spellcasting
 + Level 12.3 Conjurations
 - Level 5.0 Translocations
 + Level 8.0 Fire Magic
 - Level 5.0 Ice Magic
 + Level 8.9 Air Magic
 + Level 10.5 Earth Magic
 - Level 3.0 Evocations


You had 4 spell levels left.
You knew the following spells:

 Your Spells              Type           Power      Damage    Failure   Level
a - Magic Dart            Conj           100%       1d8       1%          1
b - Iron Shot             Conj/Erth      30%        9d6       2%          6
c - Plasma Beam           Fire/Air       25%        2x1d41    8%          6
d - Airstrike             Air            26%        2d(4-20)  1%          4
e - Iskenderun's Mystic   Conj/Tloc      51%        2d11      1%          4
f - Fireball              Conj/Fire      28%        3d12      1%          5
g - Freezing Cloud        Conj/Ice/Air   26%        6-21      1%          5
h - Searing Ray           Conj           100%       2d8       1%          2

Your spell library contained the following spells:

 Spells                   Type           Power      Damage    Failure   Level
 Ozocubu's Refrigeration  Ice            17%        4d11      82%         7
 Sandblast                Erth           100%       2d20      1%          1
 Shock                    Conj/Air       100%       1d9       1%          1
 Passwall                 Tmut/Erth      30%        N/A       1%          2
 Scorch                   Fire           98%        2d9       1%          2
 Dazzling Flash           Conj/Hex       80%        N/A       1%          3
 Stone Arrow              Conj/Erth      100%       3d13      1%          3
 Swiftness                Air            52%        N/A       1%          3
 Vhi's Electric Charge    Tloc/Air       88%        N/A       1%          3
 Flame Wave               Conj/Fire      56%        2d13      1%          4
 Fulminant Prism          Conj/Hex       20%        3d12      1%          4
 Ozocubu's Armour         Ice            35%        N/A       2%          3
 Portal Projectile        Hex/Tloc       48%        N/A       7%          3
 Tukima's Dance           Hex            12%        N/A       19%         3
 Anguish                  Hex/Necr       6%         N/A       52%         4
 Animate Dead             Necr           12%        N/A       52%         4
 Arcjolt                  Conj/Air       28%        1d38      1%          5
 Conjure Ball Lightning   Conj/Air       28%        3x3d8     3%          6
 Starburst                Conj/Fire      28%        6d9       4%          6
 Metabolic Englaciation   Hex/Ice        12%        N/A       52%         5
 Blade Hands              Tmut           6%         N/A       86%         5
 Simulacrum               Ice/Necr       12%        N/A       98%         6
 Enfeeble                 Hex            6%         N/A       100%        7
 Haunt                    Necr/Summ      6%         N/A       100%        7
 Discord                  Hex            6%         N/A       100%        8
 Disjunction              Tloc           17%        N/A       100%        8
 Infestation              Necr           6%         N/A       100%        8
 Chain Lightning          Conj/Air       28%        3d38      100%        9
 Fire Storm               Conj/Fire      28%        8d7       100%        9
 Shatter                  Erth           28%        3d24*     100%        9


Dungeon Overview and Level Annotations

Branches:
Dungeon (15/15)            Temple (0/1) D:5            Lair (5/5) D:9
 Shoals (0/4) Lair:3        Snake (4/4) Lair:2        Slime (0/5) Lair:5
    Orc (2/2) D:9             Elf (0/3) Orc:2        Vaults (0/5) D:14
 Depths (0/4) D:15         Bailey (visited)

Altars:
Ashenzari
Hepliaklqana
Kikubaaqudgha
Okawaru
Ru
Trog
Vehumet
Xom
Yredelemnul
Zin
The Shining One

Shops:
D:3 *   D:5 [=   Orc:1 ?   Orc:2 *=?(=   Snake:2 ==:   Snake:4 *

Portals:
Pandemonium: Orc:2

Annotations:
Lair:5 exclusion: obsidian statue
Snake:2 1 runed translucent door, Xitaol's ghost, adept SpEn


Innate Abilities, Weirdness & Mutations

You can spit globs of acid.
Your golden yellow scales are hard. (AC +9)
You cannot fit into any form of body armour.
You have acidic saliva.
You are cold-blooded and may be slowed by cold attacks.
You are resistant to acid. (rCorr)


Message History

The naga constricts you.
* * * LOW HITPOINT WARNING * * *
The naga warrior hits you from afar with a +0 glaive!
* * * LOW HITPOINT WARNING * * *
The naga barely misses you. The naga constricts you.
The salamander mystic gestures at you while chanting.
The lance of force misses you.
Unknown command.
Casting: Iskenderun's Mystic Blast (mildly dangerous; 1% risk of failure)
Confirm with . or Enter, or press ? or * to list all spells.
You erupt in a blast of force!
The mystic blast hits the naga warrior.
The naga warrior is almost dead.
The naga warrior is knocked back by the mystic blast.
The mystic blast hits the naga.
The naga is heavily wounded.
The naga is knocked back by the mystic blast.
The naga slams into the rock wall!
The mystic blast hits the salamander mystic.
You kill the salamander mystic!
Vehumet accepts your kill.
You feel your power returning.
Unknown command.
You escape the naga's grasp.
The naga warrior spits poison at you. The splash of poison misses you.
The naga warrior hits you from afar with a +0 glaive!
* * * LOW HITPOINT WARNING * * *
Things that are here:
a +0 flail; a +0 long sword; a +0 robe
Casting: Iskenderun's Mystic Blast (mildly dangerous; 1% risk of failure)
Confirm with . or Enter, or press ? or * to list all spells.
You erupt in a blast of force!
The mystic blast hits the naga warrior!
You kill the naga warrior!
Vehumet accepts your kill.
You feel your power returning.
The mystic blast hits the naga!
The naga is almost dead.
The naga is knocked back by the mystic blast.
The naga slams into the rock wall!
The naga hits you with a +2 short sword of protection!!
You die...

*######** *#......,******
##.......,,,,,,,
##......N.,,,,,,,
##.......#*,,,,,,,
##N..######*,,,,,,, ##.@.##
##....... ##...## #........
####.).##**** ##........
*#.....##*,,,**#...N.....
#....###,,,,,,,....(.....
#..###*,,,,,,,,..........
*#..***,,,,,,,,,........S.
#..***,,,,,,,,,,..........
*#..,**,,,,,,,,,,..........


You could see a naga (fast, strong).

Vanquished Creatures
  A fire giant (D:15)
  A nagaraja (Snake:2)
  The ghost of platinum the Martial Artist, a journeyman DsHW of Uskayaw (D:12)
  3 dire elephants (Lair:5)
  A demonspawn (Orc:2)
  5 hydras
  An ice dragon (Lair:2)
  2 catoblepae
  2 salamander tyrants (Snake:2)
  2 ogre magi
  6 anacondas
  The ghost of Haraddelas the Transmogrifier, a journeyman OpTm of Okawaru (Lair:2)
  5 boulder beetles
  4 centaur warriors
  9 two-headed ogres
  19 death yaks
  7 naga warriors
  7 orc high priests (Orc:2)
  A tengu warrior (D:10)
  8 shock serpents
  A sun demon (Orc:2)
  3 naga sharpshooters (Snake:3)
  6 salamander mystics
  2 shadow wraiths (D:12)
  A spectral anaconda (Lair:5)
  A spectral death yak (Lair:5)
  3 skeletal warriors (D:15)
  3 naga ritualists
  A lindwurm (shapeshifter) (D:15)
  A phantasmal warrior (D:12)
  6 orc knights
  4 necromancers
  5 oklob plants (Lair:3)
  Pikel (D:5)
  2 deep elf pyromancers (D:14)
  6 mana vipers
  The ghost of cheesebisquit the Trooper, a novice DjFE (D:6)
  2 manticores
  7 orc sorcerers
  18 ugly things
  13 salamanders
  3 cyclopes
  16 black mambas
  9 elephants
  A dire elephant zombie (Lair:5)
  Joseph (Lair:1)
  7 naga magi
  3 guardian serpents
  A dire elephant skeleton (Lair:5)
  A rust devil (Orc:2)
  2 gargoyles
  14 cane toads
  7 rime drakes
  3 yaktaurs (D:15)
  4 kobold demonologists
  An unseen horror (D:10)
  A red devil (Orc:2)
  2 freezing wraiths (D:12)
  11 komodo dragons
  A tengu conjurer (D:10)
  A hellwing (Orc:2)
  3 polar bears
  9 trolls
  21 blink frogs
  A spectral elephant (Lair:5)
  A shadow (D:13)
  Sigmund (D:5)
  2 vampires
  6 wraiths
  2 centaur simulacra
  A ynoxinul (Orc:2)
  5 basilisks
  4 wyverns
  43 yaks
  15 vampire mosquitoes
  2 steam dragons
  Menkaure (D:6)
  17 nagas
  2 wargs
  A hydra simulacrum (Lair:2)
  An acid dragon (D:8)
  12 water moccasins
  Duvessa (D:7)
  A floating eye (Lair:3)
  28 orc warriors
  2 sky beasts
  2 black bears
  An elephant zombie (Lair:5)
  10 ogres
  A black mamba simulacrum (Lair:2)
  11 centaurs
  13 wolves
  2 phantoms
  2 elephant skeletons (Lair:5)
  A lemure (D:6)
  4 kobold brigands
  A gnoll sergeant (D:9)
  14 bullfrogs
  3 scorpions
  2 cane toad simulacra
  5 wights (D:8)
  Dowan (D:7)
  2 elephant simulacra (Lair:5)
  7 electric eels
  3 howler monkeys (D:9)
  5 vampire bats (Lair:4)
  A lava snake (D:15)
  4 crimson imps (D:9)
  2 komodo dragon simulacra (Lair:2)
  7 hounds
  24 orc priests
  3 sleepcaps
  3 iguanas
  Terence (D:2)
  3 polar bear simulacra (D:11)
  5 hell rats (Lair:5)
  21 orc wizards
  3 yak simulacra (D:11)
  2 wolf simulacra (D:11)
  Robin (D:4)
  20 gnolls
  8 adders
  An ufetubus (D:6)
  A worm (D:2)
  3 dart slugs (D:4)
  62 orcs
  5 ball pythons
  8 bats
  3 endoplasms (D:2)
  5 giant cockroaches
  13 goblins
  11 hobgoblins
  A quokka (D:1)
  2 frilled lizards
  24 kobolds
  7 rats
  3 river rat simulacra (D:11)
  A spectral orc (D:6)
792 creatures vanquished.

Vanquished Creatures (others)
  2 bushes (Snake:2)
  63 fungi
  135 plants
  29 withered plants
229 creatures vanquished.

Grand Total: 1021 creatures vanquished

Notes
Turn   | Place    | Note
-------+----------+-------------------------------------------
     0 | D:1      | Lobster4 the Draconian Conjurer began the quest for the
                  | Orb.
     0 | D:1      | Reached XP level 1. HP: 14/14 MP: 3/3
   288 | D:1      | Reached XP level 2. HP: 22/22 MP: 3/5
   408 | D:1      | Learned a level 2 spell: Searing Ray
   911 | D:2      | Reached skill level 1 in Fighting
  1009 | D:2      | Reached XP level 3. HP: 28/28 MP: 0/6
  1227 | D:2      | Found a faded altar of an unknown god.
  1429 | D:2      | Found a radiant altar of Vehumet.
  1437 | D:2      | Became a worshipper of Vehumet
  1570 | D:2      | Noticed Terence
  1962 | D:3      | Found Jooneuc's General Store.
  1971 | D:3      | Bought a scroll of identify for 24 gold pieces
  2274 | D:3      | Reached XP level 4. HP: 36/36 MP: 1/7
  2435 | D:3      | You fall into a shaft and drop 1 floor!
  2875 | D:4      | Reached * piety under Vehumet
  2875 | D:4      | Offered knowledge of Shock by Vehumet.
  3000 | D:4      | Noticed a phantom
  3143 | D:4      | Noticed an ogre
  3148 | D:4      | Killed an ogre
  3149 | D:4      | Reached XP level 5. HP: 42/42 MP: 2/9
  3228 | D:4      | Noticed Robin
  3245 | D:4      | Killed Robin
  3887 | D:5      | Entered Level 5 of the Dungeon
  3934 | D:5      | Reached skill level 5 in Conjurations
  3934 | D:5      | Reached XP level 6. HP: 45/51 MP: 1/10
  4246 | D:5      | Found Qedeiti's Antique Armour Shoppe.
  4306 | D:5      | Found a radiant altar of Vehumet.
  4429 | D:5      | Your scales start taking on a golden yellow colour.
  4429 | D:5      | Reached XP level 7. HP: 58/58 MP: 2/12
  4429 | D:5      | Gained mutation: You are resistant to acid. (rCorr) [Yellow
                  | Draconian growth]
  4505 | D:5      | Noticed a yak
  4580 | D:5      | Found a staircase to the Ecumenical Temple.
  4770 | D:5      | Found a bloodstained altar of Trog.
  4885 | D:5      | Reached skill level 1 in Short Blades
  4974 | D:5      | Noticed a yak
  4974 | D:5      | Noticed a yak
  4974 | D:5      | Noticed a yak
  5272 | D:5      | Found Xestreva's Jewellery Shop.
  5357 | D:5      | Noticed Sigmund
  5363 | D:5      | Killed Sigmund
  5409 | D:6      | Noticed Pikel
  5471 | D:6      | Found a runed translucent door.
  5577 | D:6      | Noticed cheesebisquit's ghost (novice DjFE)
  5719 | D:6      | Found a glowing golden altar of the Shining One.
  5727 | D:6      | Found a sacrificial altar of Ru.
  5850 | D:6      | Noticed Menkaure
  5857 | D:6      | Killed Menkaure
  5858 | D:6      | Reached skill level 1 in Polearms
  5858 | D:6      | Reached XP level 8. HP: 67/67 MP: 14/14
  5968 | D:6      | Offered knowledge of Freeze by Vehumet.
  6045 | D:6      | Reached skill level 1 in Earth Magic
  6148 | D:6      | Reached ** piety under Vehumet
  6332 | D:5      | Killed Pikel
  6333 | D:5      | Reached skill level 5 in Fighting
  6333 | D:5      | Reached skill level 1 in Throwing
  6333 | D:5      | Reached skill level 1 in Evocations
  6459 | D:6      | Found a basalt altar of Yredelemnul.
  6771 | D:7      | Noticed Duvessa
  6773 | D:7      | Noticed Dowan
  6785 | D:7      | Killed Duvessa
  6879 | D:7      | Killed Dowan
  6880 | D:7      | Reached skill level 5 in Spellcasting
  6996 | D:7      | Reached XP level 9. HP: 72/74 MP: 9/16
  7178 | D:7      | Found a glowing silver altar of Zin.
  7210 | D:7      | Reached skill level 5 in Dodging
  7424 | D:7      | Reached skill level 1 in Axes
  7608 | D:7      | Noticed a troll
  8047 | D:7      | Noticed a troll
  8074 | D:7      | Learned a level 4 spell: Iskenderun's Mystic Blast
  8751 | D:8      | Identified the +0 robe "Wudamnihi" {Contam rElec Stlth+}
  9261 | D:9      | Offered knowledge of Scorch by Vehumet.
  9451 | D:9      | Found an ancient bone altar of Kikubaaqudgha.
  9468 | D:9      | Reached XP level 10. HP: 52/84 MP: 10/18
  9742 | D:9      | Found a staircase to the Lair.
 10100 | D:9      | Reached *** piety under Vehumet
 10200 | D:9      | Learned a level 4 spell: Airstrike
 10253 | D:9      | Found a staircase to the Orcish Mines.
 10410 | D:9      | Learned a level 2 spell: Scorch
 10435 | D:9      | Found a shimmering altar of Xom.
 10462 | D:9      | Offered knowledge of Ignite Poison by Vehumet.
 10904 | D:2      | Killed Terence
 11067 | D:3      | Found a hazy altar of Hepliaklqana.
 11620 | D:5      | Reached skill level 1 in Air Magic
 11621 | D:5      | Reached skill level 1 in Fire Magic
 11902 | D:7      | Noticed a white ugly thing
 11909 | D:7      | Noticed a cyclops
 11913 | D:7      | Killed a white ugly thing
 11914 | D:7      | Reached skill level 5 in Earth Magic
 11920 | D:7      | Killed a cyclops
 12191 | D:9      | Noticed a smoke demon
 12199 | D:9      | Reached XP level 11. HP: 51/92 MP: 14/21
 12325 | D:10     | Entered Level 10 of the Dungeon
 12332 | D:10     | Found an iron altar of Okawaru.
 12368 | D:10     | Found a flagged portal.
 12377 | Bailey   | Entered a bailey
 12880 | Bailey   | Reached **** piety under Vehumet
 13135 | D:10     | Noticed a tengu warrior
 13152 | D:10     | Killed a tengu warrior
 13437 | Lair:1   | Entered Level 1 of the Lair of Beasts
 13437 | Lair:1   | You fall into a shaft and drop 1 floor!
 13451 | Lair:2   | Reached skill level 1 in Translocations
 13454 | Lair:2   | Offered knowledge of Flame Wave by Vehumet.
 13468 | Lair:2   | Learned a level 4 spell: Flame Wave
 13497 | Lair:2   | Reached skill level 1 in Shields
 13825 | Lair:2   | Noticed an ice dragon
 13828 | Lair:2   | Noticed Haraddelas's ghost (journeyman OpTm)
 13891 | Lair:2   | Noticed a death yak
 13891 | Lair:2   | Noticed a death yak
 13891 | Lair:2   | Noticed a death yak
 13892 | Lair:2   | Noticed a death yak
 13892 | Lair:2   | Noticed a death yak
 13892 | Lair:2   | Noticed a death yak
 14248 | Lair:1   | Noticed Joseph
 14294 | Lair:1   | Killed Joseph
 14474 | Lair:1   | Reached skill level 5 in Axes
 14474 | Lair:1   | Reached XP level 12. HP: 103/103 MP: 21/23
 14482 | Lair:1   | Learned a level 6 spell: Plasma Beam
 14517 | Lair:1   | Reached ***** piety under Vehumet
 14524 | Lair:1   | Reached XP level 13. HP: 87/110 MP: 11/24
 14611 | Lair:1   | Offered knowledge of Sticky Flame by Vehumet.
 15043 | Lair:2   | Found a runed translucent gate.
 15043 | Lair:2   | Found a runed translucent gate.
 15043 | Lair:2   | Found a runed translucent gate.
 15064 | Lair:2   | Found a staircase to the Snake Pit.
 15278 | Lair:2   | Reached skill level 5 in Fire Magic
 15278 | Lair:2   | Reached skill level 5 in Air Magic
 16729 | Lair:3   | Found a staircase to the Shoals.
 17180 | Lair:3   | Reached skill level 5 in Translocations
 17980 | Lair:2   | Reached skill level 5 in Shields
 18026 | Lair:2   | Reached skill level 10 in Conjurations
 19197 | Lair:4   | Reached skill level 10 in Fighting
 19422 | Lair:4   | Offered knowledge of Freezing Cloud by Vehumet.
 19432 | Lair:4   | Learned a level 5 spell: Freezing Cloud
 19500 | Lair:4   | Gained mutation: You have acidic saliva. [Yellow Draconian
                  | growth]
 19500 | Lair:4   | Reached XP level 14. HP: 121/121 MP: 19/26
 19907 | Lair:4   | Reached skill level 1 in Ice Magic
 20042 | Lair:5   | Entered Level 5 of the Lair of Beasts
 20945 | Lair:5   | Found a staircase to the Slime Pits.
 22872 | Lair:5   | Offered knowledge of Starburst by Vehumet.
 24237 | Orc:1    | Entered Level 1 of the Orcish Mines
 24339 | Orc:2    | Entered Level 2 of the Orcish Mines
 25229 | Orc:1    | Found Xurajuli's Magic Scroll Shop.
 25232 | Orc:1    | Bought a scroll of identify for 20 gold pieces
 25251 | Orc:1    | You fall into a shaft and drop 1 floor!
 25542 | Orc:2    | Found Daip's Jewellery Boutique.
 25715 | Orc:2    | Found a staircase to the Elven Halls.
 25924 | Orc:2    | Learned a level 6 spell: Starburst
 26096 | Orc:2    | Found Ochobbem's General Store.
 26098 | Orc:2    | Found Tieseffa's Magic Scroll Shoppe.
 26267 | Orc:2    | Reached XP level 15. HP: 128/128 MP: 15/28
 26326 | Orc:2    | Bought a scroll of acquirement for 676 gold pieces
 27201 | Orc:2    | Paralysed by an orc sorcerer for 5 turns
 27493 | Orc:2    | Found Entasefu's Antique Weapon Boutique.
 27493 | Orc:2    | Found Tooho's Jewellery Shop.
 27494 | Orc:2    | Found a one-way gate leading to the halls of Pandemonium.
 27500 | Orc:2    | Bought a blackened dagger for 161 gold pieces
 27500 | Orc:2    | Identified the +7 dagger of Annoyance {pain, rElec rPois
                  | Will- Int+2} (You bought it in a shop on level 2 of the
                  | Orcish Mines)
 27502 | Orc:2    | Bought the ring "Sucush" {rF+ EV+5 Str+5} for 847 gold
                  | pieces
 27952 | D:10     | Acquired the +5 war axe "Qireuj" {drain, rF+}
 28803 | D:11     | Reached ****** piety under Vehumet
 29408 | D:12     | Found a runed translucent gate.
 29409 | D:12     | Found a runed translucent gate.
 29410 | D:12     | Found a runed translucent gate.
 29667 | D:12     | Noticed platinum's ghost (journeyman DsHW)
 30056 | D:13     | Offered knowledge of Fireball by Vehumet.
 30590 | D:14     | Found a bloodstained altar of Trog.
 30684 | D:14     | Found a gate to the Vaults.
 30770 | D:14     | Reached skill level 10 in Spellcasting
 31070 | D:14     | Reached skill level 5 in Ice Magic
 31240 | D:14     | Reached skill level 10 in Dodging
 31922 | D:14     | Learned a level 5 spell: Fireball
 31923 | D:15     | Entered Level 15 of the Dungeon
 32009 | D:15     | Reached XP level 16. HP: 138/138 MP: 22/30
 32300 | D:15     | Paralysed by something for 4 turns
 32314 | D:15     | Offered knowledge of Iron Shot by Vehumet.
 32325 | D:15     | Learned a level 6 spell: Iron Shot
 32465 | D:15     | Found a staircase to the Depths.
 33024 | D:6      | Killed cheesebisquit's ghost
 33266 | D:12     | Killed platinum's ghost
 33295 | D:12     | Identified the staff of cold "Xeipyig" {rC+ rN+ Int+3}
 33477 | Lair:2   | Killed Haraddelas's ghost
 33678 | Snake:1  | Entered Level 1 of the Snake Pit
 33800 | Snake:1  | Reached skill level 10 in Earth Magic
 33828 | Snake:1  | Identified the +6 broad axe "Kucvest" {antimagic, *Slow rF+
                  | Str+4}
 34368 | Snake:2  | Found a broken altar of Ashenzari.
 34667 | Snake:2  | Found a runed translucent door.
 34668 | Snake:2  | Noticed Xitaol's ghost (adept SpEn)
 35861 | Snake:2  | Reached skill level 1 in Staves
 36159 | Snake:2  | Found Ybol's Book Shoppe.
 36159 | Snake:2  | Found Pygh's Jewellery Boutique.
 36160 | Snake:2  | Found Vien's Jewellery Boutique.
 36250 | Snake:2  | Identified the ring "Zoigid" {rF+ rC+ rCorr Int+6}
 36533 | Snake:2  | Offered knowledge of Ozocubu's Refrigeration by Vehumet.
 37759 | Snake:3  | Reached XP level 17. HP: 148/148 MP: 23/31
 37886 | Snake:4  | Entered Level 4 of the Snake Pit
 38441 | Snake:4  | Found Sirelum's Assorted Antiques.
 38552 | Snake:4  | HP: 3/148 [naga warrior/+0 glaive (15)]
 38553 | Snake:4  | Annihilated by a naga

Illustrated notes

Levels and vault maps discovered:
D:1:      dpeg_arrival_chambers_temple_mockup, layout_rooms
D:2:      layout_basic, basic_altar, ebering_ecumenical_altar_hall,
          minmay_crystal_water, uniq_terence
D:3:      layout_loops_corners, general_overflow_altar, serial_shops, shop,
          reono_crystal_passage, serial_bayou_lagoon_a, chequers_mini_garden,
          kennysheep_potato
D:4:      layout_basic, uniq_robin
D:5:      layout_loops_ring, mainiacjoe_overflow_paths,
          mainiacjoe_overflow_concentric_impassable,
          minmay_temple_entry_proselytizer, serial_shops,
          nicolae_shop_hallway_plus, kennysheep_little_box, uniq_sigmund
D:6:      layout_cave_pods, yredelemnul_forgotten_temple_becter,
          mainiacjoe_overflow_big_doors, hellmonk_ghost_happy_afterlife,
          uniq_menkaure, uniq_pikel
D:7:      minmay_the_grid_four_pointed_star
          [minmay_the_grid_triangle_9x9_shrine,
          minmay_the_grid_triangle_9x9_warning,
          minmay_the_grid_triangle_9x9_limited_checkers,
          minmay_the_grid_triangle_9x9_corruption,
          minmay_the_grid_prize_inner_circle], layout_gridville, zin_treasury,
          uniq_duvessa
D:8:      layout_basic, nrook_campfire
D:9:      layout_loops_ring, led_xom_imps, nicolae_kikubaaqudgha_miasma_corner,
          erik_lair_island, david_orc_3
D:10:     layout_long_grid, mainiacjoe_overflow_catwalk, enter_bailey_2,
          serial_bayou_crossing
D:11:     layout_big_octagon, eino_house_with_fridge
D:12:     layout_gridville, gammafunk_ghost_spectres, hangedman_glass_teeth
D:13:     layout_roguey, nicolae_sextant, kennysheep_flooded_box
D:14:     layout_basic, david_vaults_2, trog_three_pillars_becter
D:15:     grunt_enter_depths_giant_problem, layout_rooms,
          minmay_tree_intersection, hex_medium, nicolae_kite_square_tiling_tiny
Lair:1:   layout_roguey, lemuel_fruit_fields, serial_bayou_shore_b, uniq_joseph
Lair:2:   layout_small_grid, dummy_snake_entry, gammafunk_ghost_icy,
          beast_lair_carwin_9
Lair:3:   layout_gridlike, minmay_shoals_entry_centaurs, serial_bayou,
          serial_bayou_shore_b, serial_bayou_lake_a, serial_bayou_pond_c,
          disabler_island
Lair:4:   layout_cave_pods, nicolae_quartered_pool_super, roderic_batcave,
          minivault_11, chequers_serial_rivers_micro_c,
          dreamdust_mushroom_princess
Lair:5:   due_jungle_book, layout_long_grid, slime_entry_1
Snake:1:  layout_misc_corridors, serial_bayou_shore_b
Snake:2:  cheibrodos_snake_lava_hold, layout_onion, gammafunk_ghost_grave,
          basic_altar, st_stairs_12, minmay_shop_grove
Snake:3:  layout_onion_interference
Snake:4:  snake_hunt, layout_onion, serial_shops, shop_statue, basic_altar,
          grunt_megastairs_2
Orc:1:    layout_diamond_mine, serial_shops, nicolae_shop_rolled_up
Orc:2:    pf_orc_diabolical, layout_diamond_mine,
          minmay_shop_enchanted_jewellery, mines4_lemuel

Skill      XL: |  1  2  3  4  5  6  7  8  9 10 11 12 13 14 15 16 |
---------------+-------------------------------------------------+-----
Dodging        | 2 3 4 5 6 7 8 9 10 | 10.8
Stealth        | 2 |  2.0
Fighting       | 1 2 3 4 5 6 7 8 10 11 12 | 12.5
Spellcasting   | 3 4 5 6 7 8 9 10 | 10.9
Conjurations   | 5 6 7 8 9 10 11 12 | 12.3
Short Blades   | 2 |  2.0
Polearms       | 1 2 |  2.0
Earth Magic    | 2 3 5 6 8 9 10 | 10.5
Throwing       | 2 3 |  3.0
Evocations     | 2 3 |  3.0
Axes           | 2 3 5 6 7 8 |  8.6
Air Magic      | 2 4 5 6 7 8 |  8.9
Fire Magic     | 2 4 5 7 8 |  8.0
Translocations | 3 5 |  5.0
Shields        | 3 5 6 8 9 |  9.1
Ice Magic      | 3 5 |  5.0
Staves         | 2 |  2.6

Action                     |  1- 3 |  4- 6 |  7- 9 | 10-12 | 13-15 | 16-18 || total
---------------------------+-------+-------+-------+-------+-------+-------++-------
  Melee: Unarmed           |    28 |       |       |       |       |       ||    28
         Tailslap          |     2 |       |     3 |     2 |    33 |    14 ||    54
         Dagger            |    13 |    13 |    50 |     5 |       |       ||    81
         Punch             |       |       |     1 |       |       |       ||     1
         Hand axe          |       |       |       |       |   142 |       ||   142
         Bite              |       |       |       |       |    30 |    11 ||    41
         War axe           |       |       |       |       |    31 |    48 ||    79
         Staff             |       |       |       |       |       |    25 ||    25
  Throw: Boomerang         |       |     2 |       |       |    15 |       ||    17
   Cast: Magic Dart        |    69 |    79 |    64 |   120 |    85 |    32 ||   449
         Searing Ray       |     3 |    11 |    70 |    91 |    32 |       ||   207
         Scorch            |       |       |       |    26 |    56 |       ||    82
         Airstrike         |       |       |       |    16 |   314 |    12 ||   342
         Iskenderun's Myst |       |       |       |     7 |   102 |    24 ||   133
         Flame Wave        |       |       |       |     2 |    15 |       ||    17
         Plasma Beam       |       |       |       |       |   235 |    51 ||   286
         Freezing Cloud    |       |       |       |       |     8 |     8 ||    16
         Starburst         |       |       |       |       |    10 |       ||    10
         Iron Shot         |       |       |       |       |       |   185 ||   185
         Fireball          |       |       |       |       |       |    10 ||    10
Ability: Breathe Acid      |       |       |     2 |       |     4 |     2 ||     8
  Evoke: Wand              |       |       |    10 |     5 |    10 |     6 ||    31
    Use: Scroll            |     1 |     3 |    12 |     6 |    14 |     9 ||    45
         Potion            |       |       |       |     2 |     4 |     9 ||    15
   Stab: Sleeping          |     1 |       |       |       |       |       ||     1
 Armour: Skin              |    15 |     7 |    66 |    53 |   177 |    74 ||   392
  Dodge: Dodged            |    43 |    16 |    88 |   110 |   301 |   184 ||   742
  Block: Buckler           |       |       |       |       |   104 |    68 ||   172
